 Dungeon Crawl Stone Soup version 0.29-a0-997-gf6f7e2dfe7 (webtiles) character file.

Game seed: 8897934034492751542

55 concernfroge the Trooper (level 3, 0/31 HPs)
             Began as a Mummy Monk on Aug 4, 2022.
             Slain by an adder (2 damage)
             ... on level 2 of the Dungeon.
             The game lasted 00:02:01 (941 turns).

concernfroge the Trooper (Mummy Monk)                Turns: 941, Time: 00:02:02

Health: 0/31       AC:  5    Str: 16    XL:     3   Next: 67%
Magic:  3/3        EV: 11    Int:  9    God:
Gold:   61         SH:  0    Dex: 14    Spells: 2/2 levels left

rFire   x . .      SeeInvis .   h - +1 great sword (vorpal)
rCold   + . .      Faith    .   (shield currently unavailable)
rNeg    + + +      Spirit   .   g - +0 ring mail
rPois   ∞          Reflect  .   (no helmet)
rElec   .          Harm     .   (no cloak)
rCorr   .          Rampage  .   (no gloves)
Will    .....                   (no boots)
Stlth   +.........              (no amulet)
HPRegen 0.10/turn               (no ring)
MPRegen 0.08/turn               (no ring)

@: no status effects
A: cold resistance 1, negative energy resistance 3, torment resistance 2, heat
vulnerability 1, in touch with death 1, no potions
a: no special abilities


You were on level 2 of the Dungeon.
You visited 1 branch of the dungeon, and saw 2 of its levels.

You collected 61 gold pieces.

Inventory:

Hand Weapons
 a - a +0 spear
 c - a +0 rapier of speed
 h - a +1 vorpal great sword (weapon)
Armour
 g - a +0 ring mail (worn)
Jewellery
 b - an amulet of magic regeneration
Scrolls
 d - a scroll of teleportation {unknown}
 e - a scroll of amnesia {unknown}
 f - a scroll of acquirement


   Skills:
 + Level 4.7 Fighting
 - Level 2.4 Polearms
 - Level 2.4 Dodging
 - Level 1.5 Stealth


You had 2 spell levels left.
You didn't know any spells.
Your spell library contained the following spells:

 Spells                   Type           Power      Damage    Failure   Level
 Olgreb's Toxic Radiance  Pois           0%         N/A       100%        4
 Ozocubu's Refrigeration  Ice            0%         4d7       100%        7
 Summon Hydra             Summ           0%         N/A       100%        7
 Ignition                 Fire           0%         3d3       100%        8
 Sublimation of Blood     Necr           Unusable   N/A       N/A         2
 Wereblood                Tmut           Unusable   N/A       N/A         2

Dungeon Overview and Level Annotations

Branches:
Dungeon (2/15)

Altars:
Yredelemnul


Innate Abilities, Weirdness & Mutations

You are immune to poison.
Your flesh is cold resistant. (rC+)
You are immune to negative energy. (rN+++)
You are immune to unholy pain and torment.
You are vulnerable to heat. (rF-)
You are in touch with the powers of death.
You do not drink.


Message History

* * * LOW HITPOINT WARNING * * *
You slash the endoplasm!
You kill the endoplasm!
The adder bites you but does no damage. x2
The frilled lizard bites you but does no damage.
You barely miss the frilled lizard. The adder bites you but does no damage.
The frilled lizard closely misses you. The adder bites you but does no damage.
You closely miss the frilled lizard. The adder bites you.
* * * LOW HITPOINT WARNING * * *
The frilled lizard barely misses you. The adder bites you.
* * * LOW HITPOINT WARNING * * *
The frilled lizard barely misses you.
You barely miss the frilled lizard. The adder closely misses you.
The frilled lizard barely misses you. The adder closely misses you.
The frilled lizard bites you but does no damage.
You closely miss the frilled lizard. The adder bites you but does no damage.
The adder bites you.
* * * LOW HITPOINT WARNING * * *
The frilled lizard barely misses you. The adder bites you.
* * * LOW HITPOINT WARNING * * *
The frilled lizard barely misses you.
You miss the frilled lizard. The adder bites you but does no damage.
The frilled lizard barely misses you. The adder barely misses you.
You barely miss the frilled lizard. The adder closely misses you.
The frilled lizard bites you but does no damage.
The adder misses you. The frilled lizard barely misses you.
You slash the frilled lizard!
You kill the frilled lizard!
The adder bites you.
* * * LOW HITPOINT WARNING * * *
The adder completely misses you.
Okay, then.
You barely miss the adder.
The adder is moderately wounded.
The adder bites you but does no damage. The adder closely misses you.
You completely miss the adder.
The adder is moderately wounded.
The adder barely misses you. The adder bites you but does no damage.
The adder bites you.
You die...

.... .... ....... ...#
........ ## $..#
........ ... ...#
#........ .... ##...
##<........ ..... #..#
#..........
....gg##.#####.##...!...
#gS@................
#[.##?#####.#........
#... ..$# #.#........
...# #.### ###.#.!....[.
.) ... ##............ .
#.. ##.....)[..†).. ##.
#....###..).... .
........#.......
.................


You could see 3 gnolls and an adder.

Vanquished Creatures
  An adder (D:2)
  A gnoll (D:2)
  A dart slug (D:2)
  2 bats (D:1)
  4 endoplasms
  4 giant cockroaches
  6 hobgoblins
  A jackal (D:2)
  5 kobolds
  2 ball pythons
  2 frilled lizards
  3 goblins (D:2)
  A rat (D:1)
33 creatures vanquished.

Notes
Turn   | Place    | Note
-------+----------+-------------------------------------------
     0 | D:1      | concernfroge the Mummy Monk began the quest for the Orb.
     0 | D:1      | Reached XP level 1. HP: 18/18 MP: 1/1
    92 | D:1      | Found a faded altar of an unknown god.
   159 | D:1      | Reached XP level 2. HP: 23/24 MP: 2/2
   677 | D:2      | Reached skill level 4 in Fighting
   769 | D:2      | Found a basalt altar of Yredelemnul.
   778 | D:2      | Gained mutation: You are in touch with the powers of death.
                  | [Mummy growth]
   778 | D:2      | Reached XP level 3. HP: 29/30 MP: 3/3
   921 | D:2      | Identified 2 scrolls of acquirement
   921 | D:2      | Acquired a +1 vorpal great sword
   941 | D:2      | Slain by an adder

Illustrated notes

Levels and vault maps discovered:
D:1:      dpeg_arrival_round_c, layout_basic, chequers_ecumenical_altar_simple
D:2:      layout_rooms, basic_altar, minmay_pentomino_s2, uniq_terence

Skill      XL: |  1  2 |
---------------+-------+-----
Fighting       | 4 |  4.7
Polearms       | |  2.4
Dodging        | |  2.4
Stealth        | |  1.5

Action                   || total
-------------------------++-------
Melee: Rapier            ||   100
       Spear             ||     8
       Great sword       ||    18
       Punch             ||     1
  Use: Scroll            ||     1
 Stab: Sleeping          ||     1
Armor: Robe              ||     7
       Ring mail         ||    39
Dodge: Dodged            ||    97

Table legend: (Time is in decaauts)
 A = Elapsed time spent in this place.
 B = Non-inter-level travel time spent in this place.
 C = Inter-level travel time spent in this place.
 D = Time resting spent in this place.
 E = Time spent auto-exploring this place.
 F = Levels seen in this place.
 G = Mean time per level.
                   A        B        C        D        E       F      G
               +--------+--------+--------+--------+--------+-----+--------+
         Total |    931 |    907 |     24 |      0 |    682 |   2 |  465.5 |
       Dungeon |    931 |    907 |     24 |      0 |    682 |   2 |  465.5 |
               +--------+--------+--------+--------+--------+-----+--------+

Top non-repeatable levels by time:
     D:1: 646 daAuts
     D:2: 285 daAuts
